 Dungeon Crawl Stone Soup version 0.28-a0-1033-g1a2f33fa85 (webtiles) character file.

Game seed: 11035015420710108458

66 mainiacjoe the Cudgeller (level 3, 0/28 HPs)
             Began as a Palentonga Warper on Dec 7, 2021.
             Slain by a gnoll (8 damage)
             ... on level 2 of the Dungeon on Dec 8, 2021.
             The game lasted 00:05:05 (1994 turns).

mainiacjoe the Cudgeller (Palentonga Warper)        Turns: 1994, Time: 00:05:06

Health: 0/28       AC:  4    Str: 14    XL:     3   Next: 96%
Magic:  6/6        EV:  9    Int: 19    God:
Gold:   66         SH:  0    Dex: 11    Spells: 4/6 levels left

rFire   . . .      SeeInvis +   a - +0 mace
rCold   . . .      Faith    .   (no shield)
rNeg    . . .      Spirit   .   b - +0 leather armour
rPois   .          Reflect  .   (no helmet)
rElec   .          Harm     .   (no cloak)
rCorr   .          Rampage  .   (no gloves)
Will    .....                   (no barding)
Stlth   +.........              (no amulet)
HPRegen 0.09/turn               j - +6 ring of intelligence
MPRegen 0.10/turn               (no ring)

@: no status effects
A: large, rugged brown scales 3, see invisible, deformed body, roll 1, armoured
tail
a: Rolling Charge


You were on level 2 of the Dungeon.
You visited 1 branch of the dungeon, and saw 2 of its levels.

You collected 96 gold pieces.
You spent 30 gold pieces at shops.

Inventory:

Hand Weapons
 a - a +0 mace (weapon)
Missiles
 d - 5 boomerangs of dispersal {=F}
 g - 2 silver boomerangs
 i - 44 arrows
 k - 2 stones
 n - 20 poisoned darts (quivered)
Armour
 b - a +0 leather armour (worn)
Jewellery
 j - a +6 ring of intelligence (left hand)
Scrolls
 c - a scroll of blinking
 e - a scroll of amnesia {unknown}
 h - a scroll of immolation {unknown}
 l - a scroll of fog {unknown}
 o - a scroll of identify {unknown}
 q - a scroll of fear {unknown}
Potions
 f - 2 potions of mutation {unknown}
 p - a potion of resistance {unknown}


   Skills:
 - Level 2.0 Fighting
 + Level 4.3 Maces & Flails
 - Level 0.6 Throwing
 - Level 0.7 Armour
 - Level 1.5 Dodging
 - Level 2.0 Spellcasting
 - Level 3.0 Translocations


You had 4 spell levels left.
You knew the following spells:

 Your Spells              Type           Power      Damage    Failure   Level
a - Blink                 Tloc           26%        N/A       10%         2

Your spell library contained the following spells:

 Spells                   Type           Power      Damage    Failure   Level
 Gell's Gravitas          Tloc           13%        N/A       19%         3
 Lesser Beckoning         Tloc           13%        N/A       19%         3
 Teleport Other           Tloc           13%        N/A       19%         3
 Manifold Assault         Tloc           13%        N/A       86%         5


Dungeon Overview and Level Annotations

Branches:
Dungeon (2/15)

Altars:

Shops:
D:1 *


Innate Abilities, Weirdness & Mutations

You are completely covered in rugged brown scales. (AC +3, +7% HP)
You have supernaturally acute eyesight. (SInv)
Armour fits poorly on your strangely shaped body.
You can roll at nearby foes to attack.
You have a long armoured tail.


Message History

The gnoll shouts!
You see here a +0 hunting sling.
Roll where?
Press: ? - help, Dir - move target, f - gnoll
Aim: a gnoll, wielding a +0 spear You roll forward with a clatter of scales!
You closely miss the gnoll.
You hear a shout!
The gnoll hits you with a +0 spear.
A gnoll comes into view. It is wielding a +0 flail.
You hit the gnoll. You tail-slap the gnoll.
The gnoll is moderately wounded.
The gnoll barely misses you.
You closely miss the gnoll.
The gnoll is moderately wounded.
The gnoll barely misses you. x2
You barely miss the gnoll.
The gnoll is moderately wounded.
The gnoll hits you with a +0 spear.
Casting: Blink (safe; 10% risk of failure)
Confirm with . or Enter, or press ? or * to list all spells.
You miscast Blink.
You are very lightly contaminated with residual magic.
Nothing appears to happen.
The gnoll hits you with a +0 spear.
Casting: Blink (safe; 10% risk of failure)
Confirm with . or Enter, or press ? or * to list all spells.
You blink.
The gnoll barely misses you.
The gnoll hits you from afar with a +0 spear.
Throw: 20 darts (poison)
Press: ? - help, Q - select action, (/) - cycle Shift-Dir - straight line, f/p - gnoll
Aim: a gnoll, wielding a +0 spear (moderately wounded, 60% to hit)
Okay, then.
The gnoll hits you with a +0 flail.
You feel stable enough to blink again.
Your magical contamination has completely faded away.
There is an open door here.
The gnoll hits you with a +0 flail!
* * * LOW HITPOINT WARNING * * *
You feel better. The gnoll hits you with a +0 flail!
You die...

###....######........####.....
+.......................'.....
###....######.##.#....###.....
..........# #.##.##.#.# ##....
.#####.#### #.##.####.# ##...
#. #.##..# #.# ##.) #. #g###.#
#.# ##+ #. #g# #.# #.# #. #.
#@###.###.# #. #. #.........#
##. ### #####.##########.. ..#
#............# .##
###########..# #.# ##.# ..#
##. #.## #. #..# #.


You could see 2 gnolls.

Vanquished Creatures
  2 gnolls (D:2)
  2 dart slugs
  4 endoplasms
  3 giant cockroaches
  A goblin (D:2)
  5 hobgoblins (D:2)
  5 quokkas
  3 ball pythons
  6 bats
  4 frilled lizards
  3 kobolds (D:1)
  3 rats
41 creatures vanquished.

Notes
Turn   | Place    | Note
-------+----------+-------------------------------------------
     0 | D:1      | mainiacjoe the Palentonga Warper began the quest for the
                  | Orb.
     0 | D:1      | Reached XP level 1. HP: 17/17 MP: 3/3
    98 | D:1      | Found Wiprul's General Store.
   126 | D:1      | Reached XP level 2. HP: 23/23 MP: 5/5
   134 | D:1      | Learned a level 2 spell: Blink
   188 | D:1      | Reached skill level 3 in Maces & Flails
   533 | D:1      | Bought a potion of curing for 30 gold pieces
  1101 | D:2      | Reached XP level 3. HP: 28/28 MP: 6/6
  1408 | D:2      | Reached skill level 4 in Maces & Flails
  1982 | D:2      | HP: 1/28 [gnoll (13)]
  1994 | D:2      | Slain by a gnoll

Illustrated notes

Levels and vault maps discovered:
D:1:      amcnicky_arrival_wind_blow, layout_loops_ring, serial_shops,
          nicolae_diamond_shop, minmay_worlds_worst_comb
D:2:      minmay_angry_zag, layout_loops_corners

Skill      XL: |  1  2  3 |
---------------+----------+-----
Maces & Flails | 3 4 |  4.3
Fighting       | |  2.0
Throwing       | |  0.6
Armour         | |  0.7
Dodging        | |  1.5
Spellcasting   | |  2.0
Translocations | |  3.0

Action                   || total
-------------------------++-------
Melee: Mace              ||   108
       Tailslap          ||     8
Throw: Dart              ||    24
 Cast: Blink             ||     2
 Abil: Rolling Charge    ||    22
  Use: Potion            ||     1
Armor: Leather armour    ||    37
Dodge: Dodged            ||    51

Table legend: (Time is in decaauts)
 A = Elapsed time spent in this place.
 B = Non-inter-level travel time spent in this place.
 C = Inter-level travel time spent in this place.
 D = Time resting spent in this place.
 E = Time spent auto-exploring this place.
 F = Levels seen in this place.
 G = Mean time per level.
                   A        B        C        D        E       F      G
               +--------+--------+--------+--------+--------+-----+--------+
         Total |   2017 |   1991 |     26 |    154 |   1529 |   2 | 1008.5 |
       Dungeon |   2017 |   1991 |     26 |    154 |   1529 |   2 | 1008.5 |
               +--------+--------+--------+--------+--------+-----+--------+

Top non-repeatable levels by time:
     D:2: 1217 daAuts
     D:1: 800 daAuts
